 Dungeon Crawl Stone Soup version 0.30-a0-847-g17996783a1 (webtiles) character file.

Game seed: 12100277274308404693

62 cforsyth the Sneak (level 4, -3/28 HPs)
             Began as a Kobold Brigand on Mar 3, 2023.
             Killed from afar by Sigmund (8 damage)
             ... with a magic dart
             ... on level 4 of the Dungeon.
             The game lasted 00:01:41 (1304 turns).

cforsyth the Sneak (Kobold Brigand)                 Turns: 1304, Time: 00:01:42

Health: -3/28      AC:  4    Str:  8    XL:     4   Next: 28%
Magic:  4/4        EV: 15    Int: 12    God:
Gold:   65         SH:  0    Dex: 18    Spells: 3/3 levels left

rFire   . . .      SeeInvis .    a - +2 dagger
rCold   . . .      Faith    .    (no shield)
rNeg    . . .      Spirit   .    b - +0 robe
rPois   .          Reflect  .    (no helmet)
rElec   .          Rampage  .    c - +0 cloak
rCorr   .                        j - +0 pair of gloves
Will    .....                    (no boots)
Stlth   ++++                     (no amulet)
HPRegen 0.24/turn                (no ring)
MPRegen 0.09/turn                (no ring)

@: no status effects
A: small, no large weapons, nightstalker 3
a: no special abilities


You were on level 4 of the Dungeon.
You visited 1 branch of the dungeon, and saw 3 of its levels.

You collected 65 gold pieces.

Inventory:

Hand Weapons
 a - a +2 dagger (weapon)
Missiles
 d - 9 poisoned darts (quivered)
 e - 3 curare-tipped darts
Armour
 b - a +0 robe (worn)
 c - a +0 cloak (worn)
 j - a +0 pair of gloves (worn)
Wands
 m - a wand of flame (11)
Scrolls
 f - a scroll of vulnerability {unknown}
 g - 2 scrolls of identify {unknown}
 i - a scroll of blinking {unknown}
 k - a scroll of noise {unknown}
 l - a scroll of enchant armour {unknown}
Potions
 h - a potion of heal wounds {unknown}


   Skills:
 + Level 3.0 Fighting
 + Level 3.6 Short Blades
 - Level 2.1 Throwing
 + Level 2.4 Dodging
 + Level 6.0 Stealth


You had 3 spell levels left.
You didn't know any spells.
Your spell library contained the following spells:

 Spells                   Type           Power      Damage    Failure   Level
 Summon Small Mammal      Summ           0%         N/A       32%         1
 Call Canine Familiar     Summ           0%         N/A       69%         3
 Summon Guardian Golem    Hex/Summ       0%         N/A       69%         3


Dungeon Overview and Level Annotations

Branches:
Dungeon (2/15)

Altars:

Annotations:
D:4 Sigmund


Innate Abilities, Weirdness & Mutations

You are small and have problems with some larger weapons.
You are completely attuned to the shadows.


Message History

You closely miss Sigmund.
Sigmund is lightly wounded.
You closely miss Sigmund.
Sigmund is lightly wounded.
Sigmund zaps a wand.
The puff of flame misses you.
You hit Sigmund but do no damage.
Sigmund is lightly wounded.
Sigmund misses you.
You completely miss Sigmund.
Sigmund is lightly wounded.
You hit Sigmund.
Sigmund is lightly wounded.
Sigmund hits you with a +4 scythe of protection!
Aiming: Throw Flame
Press: ? - help, Shift-Dir - straight line, f - Sigmund
Aim: Sigmund, wielding a +4 scythe of protection, wearing a +0 robe and carrying a wand of flame (17) (lightly wounded, 64% to hit)
The puff of flame hits Sigmund.
Sigmund is moderately wounded.
Sigmund misses you.
Aiming: Throw Flame
Press: ? - help, Shift-Dir - straight line, f/p - Sigmund
Aim: Sigmund, wielding a +4 scythe of protection, wearing a +0 robe and carrying a wand of flame (17) (moderately wounded, 64% to hit)
The puff of flame hits Sigmund.
Sigmund is heavily wounded.
Aiming: Throw Flame
Press: ? - help, Shift-Dir - straight line, f/p - Sigmund
Aim: Sigmund, wielding a +4 scythe of protection, wearing a +0 robe and carrying a wand of flame (17) (heavily wounded, 64% to hit)
The puff of flame hits Sigmund!
Sigmund is severely wounded.
Sigmund screams, "Die, monster!"
Sigmund hits you with a +4 scythe of protection!
* * * LOW HITPOINT WARNING * * *
Aiming: Throw Flame
Press: ? - help, Shift-Dir - straight line, f/p - Sigmund
Aim: Sigmund, wielding a +4 scythe of protection, wearing a +0 robe and carrying a wand of flame (17) (severely wounded, 64% to hit)
The puff of flame hits Sigmund.
Sigmund is almost dead.
Sigmund gestures at you while chanting. The magic dart hits you!
You die...

#.###.##.#
##.....##
#. #.##.#
#... #.
#.##.# #.
#.##.#
.###.##.#
........#
####.####
#.###..
#.@@...
#####..


You could see Sigmund.

Vanquished Creatures
  4 adders
  2 dart slugs (D:1)
  2 endoplasms
  A goblin (D:1)
  2 hobgoblins (D:1)
  3 jackals (D:1)
  A ball python (D:1)
  3 bats (D:1)
  A frilled lizard (D:1)
  2 kobolds
  3 rats (D:1)
24 creatures vanquished.

Vanquished Creatures (others)
  2 plants (D:1)
2 creatures vanquished.

Grand Total: 26 creatures vanquished

Notes
Turn   | Place    | Note
-------+----------+-------------------------------------------
     0 | D:1      | cforsyth the Kobold Brigand began the quest for the Orb.
     0 | D:1      | Reached XP level 1. HP: 12/12 MP: 1/1
   198 | D:1      | Reached XP level 2. HP: 18/18 MP: 2/2
   771 | D:1      | Reached XP level 3. HP: 10/22 MP: 3/3
   836 | D:1      | Found a faded altar of an unknown god.
  1210 | D:2      | You fall into a shaft and drop 2 floors!
  1218 | D:4      | Reached XP level 4. HP: 27/27 MP: 4/4
  1229 | D:4      | Reached skill level 6 in Stealth
  1287 | D:4      | Noticed Sigmund
  1304 | D:4      | Killed from afar by Sigmund

Illustrated notes

Levels and vault maps discovered:
D:1:      dpeg_arrival_shrine, layout_loops_ring,
          dilly_ecumenical_altar_fadedgnrine
D:2:      layout_basic
D:4:      layout_loops_corners, nicolae_gozag_seed_capital,
          portal_sewer_entry_f, serial_shops, nicolae_take_the_stairs,
          uniq_sigmund

Skill      XL: |  1  2  3  4 |
---------------+-------------+-----
Short Blades   | 3 |  3.6
Dodging        | 2 |  2.4
Fighting       | 3 |  3.0
Stealth        | 6 |  6.0
Throwing       | |  2.1

Action                     |  1- 3 |  4- 6 || total
---------------------------+-------+-------++-------
  Melee: Dagger            |    61 |    23 ||    84
  Evoke: Wand              |       |     4 ||     4
   Stab: Sleeping          |    12 |       ||    12
 Armour: Robe              |     6 |       ||     6
  Dodge: Dodged            |    22 |    18 ||    40

Table legend: (Time is in decaauts)
 A = Elapsed time spent in this place.
 B = Non-inter-level travel time spent in this place.
 C = Inter-level travel time spent in this place.
 D = Time resting spent in this place.
 E = Time spent auto-exploring this place.
 F = Levels seen in this place.
 G = Mean time per level.
                   A        B        C        D        E       F      G
               +--------+--------+--------+--------+--------+-----+--------+
         Total |   1291 |   1234 |     57 |      0 |    988 |   3 |  430.3 |
       Dungeon |   1291 |   1234 |     57 |      0 |    988 |   3 |  430.3 |
               +--------+--------+--------+--------+--------+-----+--------+

Top non-repeatable levels by time:
     D:1: 986 daAuts
     D:2: 215 daAuts
     D:4: 89 daAuts
